 Dungeon Crawl Stone Soup version 0.29.1-15-g9cfb28693d (webtiles) character file.

Game seed: 15439515442950790425

1180 kingofthe the Magician (level 8, -2/41 HPs)
             Began as a Deep Elf Conjurer on Mar 5, 2023.
             Was an Initiate of Sif Muna.
             Slain by Dowan
             ... wielding a +5 vampiric dagger
              (4 damage)
             ... on level 5 of the Dungeon.
             The game lasted 00:14:31 (6087 turns).

kingofthe the Magician (Deep Elf Conjurer)          Turns: 6087, Time: 00:14:32

Health: -2/41      AC:  7    Str:  4    XL:     8   Next: 18%
Magic:  13/20      EV: 15    Int: 22    God:    Sif Muna [......]
Gold:   256        SH:  0    Dex: 17    Spells: 13/20 levels left

rFire   . . .      SeeInvis .   s - +1 dagger (elec)
rCold   . . .      Faith    .   (no shield)
rNeg    . . .      Spirit   .   a - +0 robe
rPois   .          Reflect  .   (no helmet)
rElec   .          Harm     .   n - +1 cloak
rCorr   .          Rampage  .   p - +0 pair of gloves
Will    .....                   (no boots)
Stlth   ++++......              (no amulet)
HPRegen 0.13/turn               (no ring)
MPRegen 0.17/turn               (no ring)

@: attractive
A: talons 1, iridescent scales 1, thin skeletal structure 1, dopey 1
a: Renounce Religion


You were on level 5 of the Dungeon.
You worshipped Sif Muna.
Sif Muna was noncommittal.
You visited 2 branches of the dungeon, and saw 6 of its levels.

You collected 256 gold pieces.


Innate Abilities, Weirdness & Mutations

You have sharp toenails.
You are partially covered in iridescent scales. (AC +2)
You have a somewhat thin skeletal structure. (Dex +2, Stealth+)
You are dopey. (Int -2)


   Skills:
 * Level 6.3 Dodging
 + Level 5.1 Stealth
 * Level 6.9 Spellcasting
 * Level 6.9 Conjurations
 * Level 4.4 Hexes


You had 13 spell levels left.
You knew the following spells:

 Your Spells              Type           Power      Damage    Failure   Level
a - Magic Dart            Conj           100%       1d8       1%          1
b - Searing Ray           Conj           76%        2d7       1%          2
c - Fulminant Prism       Conj/Hex       16%        3d11      9%          4

Your spell library contained the following spells:

 Spells                   Type           Power      Damage    Failure   Level
 Dazzling Flash           Conj/Hex       64%        N/A       2%          3
 Ensorcelled Hibernation  Hex/Ice        34%        N/A       4%          2
 Apportation              Tloc           14%        N/A       9%          1
 Beastly Appendage        Tmut           14%        N/A       9%          1
 Necrotise                Necr           28%        1d5       9%          1
 Summon Small Mammal      Summ           28%        N/A       9%          1
 Passwall                 Tmut/Erth      5%         N/A       13%         2
 Wereblood                Tmut           7%         N/A       13%         2
 Iskenderun's Mystic Bla  Conj/Tloc      22%        2d6       21%         4
 Gell's Gravitas          Tloc           7%         N/A       26%         3
 Lesser Beckoning         Tloc           7%         N/A       26%         3
 Spider Form              Tmut/Pois      7%         N/A       26%         3
 Swiftness                Air            7%         N/A       26%         3
 Teleport Other           Tloc           7%         N/A       26%         3

Inventory:

Hand Weapons
 o - a +0 dagger of venom
 s - a +1 dagger of electrocution (weapon)
 y - a +4 scimitar of holy wrath
Missiles
 q - a boomerang of dispersal {=f}
Armour
 a - a +0 robe (worn)
 n - a +1 cloak (worn)
 p - a +0 pair of gloves (worn)
 r - a +0 buckler
 x - the +1 leather armour "Tiupsiasei" {rF+}
   (You found it on level 5 of the Dungeon)

   rF:        It protects you from fire.
Jewellery
 j - an amulet of faith {!P}
Scrolls
 d - 5 scrolls of teleportation {unknown}
 e - a scroll of torment {unknown}
 h - 2 scrolls of fear {unknown}
 m - 6 scrolls of identify {unknown}
 t - a scroll of noise {unknown}
 u - a scroll of blinking {unknown}
 v - a scroll of poison {unknown}
 w - a scroll of magic mapping {unknown}
 A - a scroll of immolation {unknown}
Potions
 b - a potion of magic
 c - a potion of brilliance {unknown}
 f - a potion of curing {@q1}
 g - a potion of attraction
 i - a potion of flight {unknown}
 k - 4 potions of lignification {unknown}
 l - a potion of mutation
 z - a potion of cancellation {unknown}
 B - a potion of might {unknown}

Dungeon Overview and Level Annotations

Branches:
Dungeon (5/15)             Temple (1/1) D:4

Altars:
Ashenzari
Cheibriados
Dithmenos
Elyvilon
Fedhas
Gozag
Hepliaklqana
Kikubaaqudgha
Makhleb
Nemelex Xobeh
Okawaru
Qazlal
Ru
Sif Muna
Trog
Uskayaw
Vehumet
Wu Jian
Xom
Yredelemnul
Zin
The Shining One

Shops:
D:3 =

Annotations:
D:3 3 runed translucent doors, exclusion: 3 doors, hawla's ghost, weakling MeFE
D:5 Dowan

#######.......##
#.#
.ee...e...)....#
#.# #........#
#.# #........#
#.# #........#
#.#
####.###.####.#
#.#.....##.#
####
#.#.#)#.##<#
...#
#.....e@...#
#..#
###)#.#.####
#..# ####.....#
#..# #...<..###
#..######.######
#.........#
######.#..#
#.#..# #.#..#


You could see Dowan (fast).


Message History

Space warps around you.
Dowan hits you with a +5 vampiric dagger!
The searing ray hits Duvessa!
You kill Duvessa!
Sif Muna accepts your kill.
Dowan screams, "No!
No!"
Dowan seems to find hidden reserves of power!
You finish channelling your searing ray.
Dowan hits you with a +5 vampiric dagger.
* * * LOW HITPOINT WARNING * * *
Dowan attacks as you move away!
Dowan hits you with a +5 vampiric dagger.
* * * LOW HITPOINT WARNING * * *
Dowan casts a spell at you. The shard of ice misses you.
Dowan attacks as you move away! Dowan barely misses you.
Dowan points at you and mumbles some strange words.
The stone arrow hits you!
* * * LOW HITPOINT WARNING * * *
Dowan casts a spell at you. The stone arrow misses you.
It was a potion of mutation.
You feel extremely strange.
You feel stupid.
Your bones become slightly less dense.
Your toenails lengthen and sharpen.
Iridescent scales grow over part of your body.
It was a potion of attraction.
You feel attractive to monsters. Dowan hits you but does no damage.
Dowan hits you with a +5 vampiric dagger.
You die...

Skill      XL: |  1  2  3  4  5  6  7  8 |
---------------+-------------------------+-----
Dodging        | 3 4 5 6 |  6.3
Stealth        | 3 4 5 |  5.1
Spellcasting   | 4 5 6 |  6.9
Conjurations   | 5 6 |  6.9
Hexes          | 2 4 |  4.4

Action                   |  1- 3 |  4- 6 |  7- 9 || total
-------------------------+-------+-------+-------++-------
Melee: Dagger            |       |     1 |       ||     1
 Cast: Magic Dart        |    60 |    61 |    29 ||   150
       Searing Ray       |     8 |    24 |    12 ||    44
  Use: Potion            |       |       |     2 ||     2
Armor: Robe              |       |     3 |     5 ||     8
Dodge: Dodged            |       |    19 |    13 ||    32

Levels and vault maps discovered:
D:1:      kennysheep_arrival_seaside, layout_basic,
          ebering_ecumenical_altar_abandoned, palyth_stone_intersect
D:2:      layout_loops_ring, uniq_sigmund
D:3:      layout_basic, ebering_ghost_rock_garden, nicolae_shop_unique_rings,
          minmay_liquid_box, uniq_natasha
D:4:      layout_cave_pools, minmay_temple_entry_hall, grunt_decor_mini_mirrors,
          minmay_misc_feat_nine_boxes
D:5:      layout_loops_ring, mainiacjoe_overflow_surrounded_room,
          hangedman_decor_slide_cut, uniq_eustachio, uniq_duvessa,
          uniq_blork_the_orc
Temple:   grunt_wide_crystal_templ

Notes
Turn   | Place    | Note
-------+----------+-------------------------------------------
     0 | D:1      | kingofthe the Deep Elf Conjurer began the quest for the
                  | Orb.
     0 | D:1      | Reached XP level 1. HP: 10/10 MP: 6/6
   107 | D:1      | Reached XP level 2. HP: 15/15 MP: 2/8
   110 | D:1      | Learned a level 2 spell: Searing Ray
   754 | D:1      | Found a faded altar of an unknown god.
   804 | D:1      | Reached skill level 3 in Dodging
   919 | D:1      | Reached XP level 3. HP: 19/19 MP: 7/10
  1522 | D:2      | Reached skill level 3 in Stealth
  1644 | D:2      | Reached skill level 4 in Spellcasting
  1644 | D:2      | Reached skill level 5 in Conjurations
  1644 | D:2      | Reached XP level 4. HP: 24/24 MP: 7/12
  2061 | D:2      | Noticed Sigmund
  2072 | D:1      | HP: 2/24 [poisoned by an adder]
  2386 | D:2      | Killed Sigmund
  2387 | D:2      | Reached skill level 4 in Dodging
  2387 | D:2      | Reached skill level 5 in Spellcasting
  2387 | D:2      | Reached XP level 5. HP: 13/28 MP: 3/14
  2387 | D:2      | Reached XP level 6. HP: 15/32 MP: 3/15
  2559 | D:2      | Learned a level 4 spell: Fulminant Prism
  2937 | D:3      | Found a runed translucent gate.
  2937 | D:3      | Found a runed translucent gate.
  2938 | D:3      | Found a runed translucent gate.
  2938 | D:3      | Noticed hawla's ghost (weakling MeFE)
  2965 | D:3      | Noticed Natasha
  2969 | D:3      | Killed Natasha
  3030 | D:3      | Noticed Natasha
  3037 | D:3      | Killed Natasha
  3037 | D:3      | Noticed Natasha
  3041 | D:3      | Killed Natasha
  3042 | D:3      | Reached skill level 1 in Hexes
  3205 | D:3      | Reached skill level 4 in Stealth
  3412 | D:3      | Found Uschee's One-of-a-Kind Rings.
  3504 | D:3      | Reached skill level 5 in Dodging
  4389 | D:4      | Reached skill level 6 in Conjurations
  4389 | D:4      | Reached skill level 2 in Hexes
  4502 | D:4      | Reached XP level 7. HP: 36/36 MP: 10/17
  4874 | D:4      | Found a staircase to the Ecumenical Temple.
  4880 | Temple   | Entered the Ecumenical Temple
  5133 | D:5      | Entered Level 5 of the Dungeon
  5141 | D:5      | Reached skill level 6 in Spellcasting
  5141 | D:5      | Reached skill level 3 in Hexes
  5431 | D:5      | Noticed Blork the orc
  5479 | D:5      | Identified the +1 leather armour "Tiupsiasei" {rF+}
  5493 | D:5      | Killed Blork the orc
  5561 | D:5      | Found a shimmering blue altar of Sif Muna.
  5599 | D:5      | Became a worshipper of Sif Muna the Loreminder
  5665 | D:5      | Noticed Eustachio
  5670 | D:5      | Killed Eustachio
  5671 | D:5      | Reached skill level 6 in Dodging
  5671 | D:5      | Reached skill level 4 in Hexes
  5671 | D:5      | Reached XP level 8. HP: 41/41 MP: 12/19
  5877 | D:5      | Noticed Duvessa
  5877 | D:5      | Noticed Dowan
  5918 | D:5      | Reached skill level 5 in Stealth
  6082 | D:5      | Killed Duvessa
  6084 | D:5      | HP: 2/41 [Dowan/stone arrow (16)]
  6086 | D:5      | Gained mutation: You are dopey. (Int -2) [potion of
                  | mutation]
  6086 | D:5      | Gained mutation: You have a somewhat thin skeletal
                  | structure. (Dex +2, Stealth+) [potion of mutation]
  6086 | D:5      | Gained mutation: You have sharp toenails. [potion of
                  | mutation]
  6086 | D:5      | Gained mutation: You are partially covered in iridescent
                  | scales. (AC +2) [potion of mutation]
  6087 | D:5      | Slain by Dowan

Vanquished Creatures
  Sigmund (D:2)
  Eustachio (D:5)
  Duvessa (D:5)
  An ogre (D:5)
  A centaur (D:5)
  A phantom (D:5)
  A gnoll sergeant (D:4)
  Blork the orc (D:5)
  A hound (D:4)
  2 iguanas
  Natasha (thrice) (D:3)
  2 orc wizards (D:3)
  3 gnolls (D:4)
  7 adders
  A white imp (D:4)
  A worm (D:3)
  2 dart slugs
  7 orcs
  10 ball pythons
  7 bats
  An endoplasm (D:4)
  3 giant cockroaches
  12 goblins
  5 hobgoblins
  11 jackals
  12 kobolds
  4 quokkas
  6 frilled lizards
  5 rats
113 creatures vanquished.

Table legend: (Time is in decaauts)
 A = Elapsed time spent in this place.
 B = Non-inter-level travel time spent in this place.
 C = Inter-level travel time spent in this place.
 D = Time resting spent in this place.
 E = Time spent auto-exploring this place.
 F = Levels seen in this place.
 G = Mean time per level.
                   A        B        C        D        E       F      G
               +--------+--------+--------+--------+--------+-----+--------+
         Total |   6091 |   5852 |    239 |    680 |   4512 |   6 | 1015.2 |
       Dungeon |   6021 |   5797 |    224 |    680 |   4475 |   5 | 1204.2 |
        Temple |     69 |     54 |     15 |      0 |     37 |   1 |   69.0 |
               +--------+--------+--------+--------+--------+-----+--------+

Top non-repeatable levels by time:
     D:1: 1541 daAuts
     D:2: 1356 daAuts
     D:3: 1264 daAuts
     D:5: 953 daAuts
     D:4: 904 daAuts
  Temple: 69 daAuts

Table legend:
 A = Non-vault XP
 B = Vault XP
 C = Vault XP percentage of total XP
 D = Non-vault monster count
 E = Vault monster count
 F = Vault count percentage of total count
                 A         B        C        D         E       F
            +---------+---------+-------+---------+---------+-------
      Total |     997 |     689 |  40.9 |     108 |       5 |   4.4
            +---------+---------+-------+---------+---------+-------
        D:1 |      59 |       0 |   0.0 |      28 |       0 |   0.0
        D:2 |      92 |     247 |  72.9 |      31 |       1 |   3.1
        D:3 |     212 |      35 |  14.2 |      22 |       1 |   4.3
        D:4 |     254 |       0 |   0.0 |      22 |       0 |   0.0
        D:5 |     380 |     407 |  51.7 |       5 |       3 |  37.5
            +---------+---------+-------+---------+---------+-------
